 Dungeon Crawl Stone Soup version 0.24.0-123-gd5b16e6ec5 (webtiles) character file.

Game seed: 5943141985137204599, levelgen mode: deterministic

116 vurker the Gusty (level 4, -3/19 HPs)
             Began as a Felid Air Elementalist on Feb 5, 2020.
             Killed by nerve-wracking pain
             ... invoked by an orc priest
              (10 damage)
             ... on level 3 of the Dungeon.
             The game lasted 00:05:33 (3701 turns).

vurker the Gusty (Felid Air Elementalist)           Turns: 3701, Time: 00:05:34

Health: -3/19      AC:  2    Str:  4    XL:     4   Next: 69%
Magic:  0/9        EV: 18    Int: 19    God:
Gold:   115        SH:  0    Dex: 17    Spells: 0/9 levels left
                                        Lives:  0   Deaths: 1

rFire    . . .     SeeInvis +   (weapon unavailable)
rCold    . . .     Gourm    .   (shield unavailable)
rNeg     . . .     Faith    .   (armour unavailable)
rPois    +         Spirit   .   (helmet unavailable)
rElec    .         Reflect  .   (cloak unavailable)
rCorr    .         Harm     +   (gloves unavailable)
MR       +....     Clarity  +   (boots unavailable)
Stlth    +++.......             i - amulet of harm
HPRegen  0.06/turn              d - ring of poison resistance
MPRegen  0.11/turn              n - ring of protection from magic

@: quick
A: very small, no armour, no weapons or thrown items, stealth, claws 1, fangs 3,
see invisible, carnivore, clarity, clever 1, speed 1, shaggy fur 2, slow
metabolism 1, sharp paws
a: no special abilities


You were on level 3 of the Dungeon.
You were completely stuffed.

You visited 1 branch of the dungeon, and saw 3 of its levels.

You collected 115 gold pieces.

Inventory:

Jewellery
 b - an uncursed ring of fire
   (You found it on level 1 of the Dungeon)
 d - a ring of poison resistance (left paw)
   (You found it on level 1 of the Dungeon)
 i - an amulet of harm (around neck)
   (You found it on level 3 of the Dungeon)
 n - a ring of protection from magic (right paw)
   (You found it on level 3 of the Dungeon)
Scrolls
 a - a scroll of magic mapping {unknown}
 f - a scroll of enchant armour {unknown}
 j - 3 scrolls of identify {unknown}
 k - 2 scrolls of remove curse {unknown}
 l - a scroll of blinking {unknown}
 m - a scroll of enchant weapon {unknown}
 o - 2 scrolls of teleportation {unknown}
 p - 2 scrolls of noise {unknown}
Potions
 c - 2 potions of heal wounds {unknown}
 g - 2 potions of curing {unknown}
 h - 3 potions of agility {unknown}
Comestibles
 e - 6 rations
 q - a chunk of flesh


   Skills:
 + Level 1.6 Fighting
 - Level 2.6 Dodging
 - Level 2.6 Stealth
 * Level 3.2 Spellcasting
 * Level 2.6 Conjurations
 * Level 3.8 Air Magic


You couldn't memorise any spells.
You knew the following spells:

 Your Spells              Type           Power        Failure   Level  Hunger
a - Shock                 Conj/Air       ###.         4%          1    None
b - Lightning Bolt        Conj/Air       ###.......   73%         5    ######.
c - Airstrike             Air            ###.......   30%         4    ####...

Your spell library contained the following spells:

 Spells                   Type           Power        Failure   Level  Hunger
 Swiftness                Chrm/Air       ##......     11%         2    ##.....
 Static Discharge         Conj/Air       ###.....     12%         3    ###....
 Beastly Appendage        Tmut           #.....       16%         1    None
 Sticks to Snakes         Tmut           #.......     22%         2    ##.....
 Spider Form              Tmut/Pois      #.........   41%         3    ###....
 Ice Form                 Ice/Tmut       #.......     83%         4    ####...
 Blade Hands              Tmut           #.........   99%         5    ######.


Dungeon Overview and Level Annotations

Branches:
Dungeon (3/15)

Altars:
Elyvilon
Fedhas

Annotations:
D:3 1 runed translucent door, Crazy Yiuf


Innate Abilities, Weirdness & Mutations

You cannot wear armour.
You are incapable of wielding weapons or throwing items.
Your paws allow you to move quietly. (Stealth)
You have sharp claws.
You have razor-sharp teeth.
You have supernaturally acute eyesight. (SInv)
You are carnivorous and can eat meat at any time.
You cover ground quickly.
You are covered in thick fur. (AC +2)
You have a slow metabolism.
Your sharp claws are effective at attacking unaware monsters.
You possess an exceptional clarity of mind.
Your mind is acute. (Int +2)


Message History

An orc is nearby!
An orc is nearby!
Aim: an orc, wielding a +0 flail and wearing a +0 chain mail (resting)
The zap hits the orc.
The orc shouts!
You hear a shout!
An orc comes into view. It is wielding a +0 whip.
Aim: an orc, wielding a +0 flail and wearing a +0 chain mail (lightly wounded)
The zap hits the orc.
Aim: an orc, wielding a +0 flail and wearing a +0 chain mail (heavily wounded)
The zap hits the orc.
The zap misses the orc.
An orc priest comes into view. It is wielding a +0 hand axe.
Aim: an orc, wielding a +0 flail and wearing a +0 chain mail (severely wounded)
The zap hits the orc but does no damage.
The zap hits the orc.
Aim: an orc, wielding a +0 flail and wearing a +0 chain mail (severely wounded)
The zap hits the orc.
You kill the orc!
Some of the chunks of flesh in your inventory have rotted away.
Aim: an orc, wielding a +0 whip and wearing a +0 leather armour (moderately wounded)
The zap hits the orc.
You kill the orc!
A leopard gecko comes into view.
Aim: an orc priest, wielding a +0 hand axe and wearing a cursed -2 leather armour The zap hits the orc priest.
The leopard gecko hisses angrily.
Aim: an orc priest, wielding a +0 hand axe and wearing a cursed -2 leather armour (heavily wounded)
The zap hits the orc priest but does no damage.
Aim: an orc priest, wielding a +0 hand axe and wearing a cursed -2 leather armour (heavily wounded)
The zap misses the orc priest.
Aim: an orc priest, wielding a +0 hand axe and wearing a cursed -2 leather armour (heavily wounded)
The zap misses the orc priest.
The orc priest barely misses you.
You don't have enough magic to cast that spell.
You closely miss the orc priest.
The orc priest invokes the aid of Beogh against you.
Beogh smites you!
You scratch the orc priest but do no damage.
The leopard gecko completely misses you.
The orc priest looks satisfied for a moment.
You scratch the orc priest.
The leopard gecko hisses menacingly.
The leopard gecko barely misses you.
The orc priest hits you with a +0 hand axe.
* * * LOW HITPOINT WARNING * * *
Unknown command.
You scratch the orc priest but do no damage.
The leopard gecko completely misses you.
The orc priest mumbles some strange prayers to Beogh against you.
Pain shoots through your body!
Ouch! That really hurt!
You die...

.................# ♣♣.♣♣
.................# ♣...♣♣
.................# ♣....♣
.................# #....#
.................###+..+#
..#########..÷..........#
..# #......###...## ..#
#......# ##### ###
#.....@# #....ol#
#...)..# #......#
....).).# ........#
......... ........#
........+


You could see an orc priest and a leopard gecko.

Vanquished Creatures
  An orc wizard (D:3)
  7 adders
  3 oozes
  A worm (D:2)
  2 leopard geckos
  8 orcs (D:3)
  12 bats
  A giant cockroach (D:1)
  9 goblins
  4 hobgoblins
  4 jackals (D:1)
  10 kobolds
  A ball python (D:2)
  5 frilled lizards
  7 rats
75 creatures vanquished.

Notes
Turn   | Place    | Note
-------+----------+-------------------------------------------
     0 | D:1      | vurker the Felid Air Elementalist began the quest for the
                  | Orb.
     0 | D:1      | Reached XP level 1. HP: 7/7 MP: 4/4
     1 | D:1      | Found a runed translucent door.
   173 | D:1      | Reached skill level 1 in Conjurations
   658 | D:1      | Reached XP level 2. HP: 12/12 MP: 1/6
  1112 | D:2      | Reached XP level 3. HP: 14/15 MP: 0/7
  1152 | D:2      | Gained mutation: You are frail. (-10% HP) [potion of
                  | mutation]
  1152 | D:2      | Gained mutation: You are dopey. (Int -2) [potion of
                  | mutation]
  1152 | D:2      | Gained mutation: Your system is resistant to poisons.
                  | (rPois) [potion of mutation]
  1156 | D:2      | Lost mutation: You are frail. (-10% HP) [potion of
                  | mutation]
  1156 | D:2      | Lost mutation: You are dopey. (Int -2) [potion of mutation]
  1156 | D:2      | Lost mutation: Your system is resistant to poisons. (rPois)
                  | [potion of mutation]
  1156 | D:2      | Gained mutation: Your mind is acute. (Int +2) [potion of
                  | mutation]
  1156 | D:2      | Gained mutation: You possess an exceptional clarity of
                  | mind. [potion of mutation]
  1156 | D:2      | Gained mutation: You are covered in thick fur. (AC +2)
                  | [potion of mutation]
  1447 | D:2      | Found a white marble altar of Elyvilon.
  1564 | D:2      | Reached skill level 1 in Fighting
  2010 | D:2      | Found a blossoming altar of Fedhas.
  2022 | D:2      | Reached XP level 4. HP: 19/19 MP: 5/8
  3114 | D:3      | Reached XP level 5. HP: 18/22 MP: 1/10
  3121 | D:3      | Learned a level 5 spell: Lightning Bolt
  3126 | D:3      | Learned a level 4 spell: Airstrike
  3353 | D:3      | Slain by an orc wizard
  3354 | D:3      | Reached XP level 4. HP: 0/19 MP: 0/9
  3667 | D:3      | Found a runed translucent door.
  3668 | D:3      | Noticed Crazy Yiuf
  3701 | D:3      | Killed from afar by an orc priest

Levels and vault maps discovered:
D:1:      dpeg_arrival_caged_fury, layout_loops_cross, solitary_fountain
D:2:      layout_loops_cross, fedhas_altar_1, nicolae_overflow_crystal_walls,
          minmay_pentomino_v2
D:3:      layout_basic, uniq_crazy_yiuf_cottage

Skill      XL: |  1  2  3  4 |
---------------+-------------+-----
Conjurations   | 1 2 |  2.6
Air Magic      | 3 |  3.8
Fighting       | 1 |  1.6
Spellcasting   | 3 |  3.2
Dodging        | |  2.6
Stealth        | |  2.6

Action                   |  1- 3 |  4- 6 || total
-------------------------+-------+-------++-------
Melee: Unarmed           |    27 |    11 ||    38
       Bite              |     5 |       ||     5
 Cast: Shock             |    63 |   109 ||   172
  Use: Potion            |     2 |       ||     2
  Eat: Chunk             |    10 |     8 ||    18
Armor: Skin              |       |     3 ||     3
Dodge: Dodged            |    44 |    23 ||    67
